 Dungeon Crawl Stone Soup version 0.32-a0-43-g058985b245 (webtiles) character file.

Game seed: 11615173730743586108

2742 Uro the Thaumaturge (level 9, 0/57 HPs)
             Began as a Mummy Summoner on Feb 4, 2024.
             Was a Believer of Kikubaaqudgha.
             Slain by a hornet (9 damage)
             ... on level 7 of the Dungeon.
             The game lasted 00:11:52 (6601 turns).

Uro the Thaumaturge (Mummy Summoner)                Turns: 6601, Time: 00:11:53

Health: 0/57       AC:  6    Str: 11    XL:     9   Next: 41%
Magic:  17/23      EV: 17    Int: 18    God:    Kikubaaqudgha [**....]
Gold:   291        SH:  0    Dex: 16    Spells: 16/28 levels left

rFire   x . .        e - +7 sling "Vulu" {heavy, Dex+3 SInv}
rCold   + . .        (no shield)
rNeg    + + +        r - +0 steam dragon scales
rPois   ∞            (no helmet)
rElec   .            (no cloak)
rCorr   .            l - +0 pair of gloves
SInv    +            (no boots)
Will    +....        A - amulet of the acrobat
Stlth   ++           E - +5 ring of evasion
HPRegen 0.29/turn    (no ring)
MPRegen 0.18/turn

%: acrobat, faith
@: inugami summoned
A: cold resistance 1, negative energy resistance 3, torment resistance 2, heat
vulnerability 1, in touch with death 1, no potions, faith
a: Renounce Religion, Unearth Wretches


You were on level 7 of the Dungeon.
You worshipped Kikubaaqudgha.
Kikubaaqudgha was pleased with you.
You visited 2 branches of the dungeon, and saw 8 of its levels.

You collected 291 gold pieces.

Inventory:

Hand Weapons
 e - the +7 sling "Vulu" (weapon) {heavy, Dex+3 SInv}
   (You found it on level 2 of the Dungeon)

   Dex+3:     It affects your dexterity (+3).
   SInv:      It lets you see invisible.
 i - the +0 sling "Jellyslayer" {flame, rElec MP-9 Int+5}
   (You found it on level 3 of the Dungeon)

   Int+5:     It affects your intelligence (+5).
   rElec:     It insulates you from electricity.
   MP-9:      It affects your magic capacity (-9).
Missiles
 n - a throwing net {=f!f}
Armour
 a - a +0 robe
 l - a +0 pair of gloves (worn)
 r - +0 steam dragon scales (worn)
 s - the +2 robe "Mosche" {Dex+3}
   (You found it on level 6 of the Dungeon)

   Dex+3:     It affects your dexterity (+3).
Jewellery
 A - an amulet of the acrobat (around neck)
 E - a +5 ring of evasion (left hand)
Wands
 j - a wand of charming (6)
 q - a wand of quicksilver (1)
Scrolls
 b - 2 scrolls of immolation {unknown}
 c - a scroll of vulnerability {unknown}
 d - a scroll of enchant weapon {unknown}
 f - 3 scrolls of identify {unknown}
 g - a scroll of torment {unknown}
 h - 2 scrolls of enchant armour {unknown}
 k - a scroll of revelation {unknown}
 m - a scroll of blinking {unknown}
 o - a scroll of noise {unknown}
 p - 2 scrolls of teleportation {unknown}
 t - a scroll of fog {unknown}


   Skills:
 - Level 1.5 Dodging
 - Level 1.5 Stealth
 + Level 10.0 Spellcasting
 + Level 7.6 Summonings
 - Level 5.0 Air Magic


You had 16 spell levels left.
You knew the following spells:

 Your Spells              Type           Power      Damage    Failure   Level
a - Animate Dead          Necr           13%        N/A       61%         4
c - Call Canine Familiar  Summ           36%        N/A       1%          3
l - Summon Lightning Spi  Summ/Air       31%        N/A       6%          4
s - Summon Small Mammal   Summ           100%       N/A       1%          1

Your spell library contained the following spells:

 Spells                   Type           Power      Damage    Failure   Level
 Call Imp                 Summ           72%        N/A       1%          2
 Cigotuvi's Dreadful Rot  Necr/Alch/Air  44%        N/A       6%          2
 Kiss of Death            Conj/Necr      52%        2d9       8%          1
 Necrotise                Necr           52%        1d6       8%          1
 Slow                     Hex            36%        N/A       8%          1
 Summon Blazeheart Golem  Fire/Summ      22%        N/A       17%         4
 Confusing Touch          Hex            9%         N/A       24%         3
 Sigil of Binding         Hex            9%         N/A       24%         3
 Tukima's Dance           Hex            9%         N/A       24%         3
 Vampiric Draining        Necr           13%        2d6       24%         3
 Passage of Golubria      Tloc           9%         N/A       61%         4
 Yara's Violent Unravell  Hex/Alch       4%         3d4       91%         5


Dungeon Overview and Level Annotations

Branches:
Dungeon (7/15)             Temple (1/1) D:4

Altars:
Ashenzari
Dithmenos
Fedhas
Gozag
Hepliaklqana
Kikubaaqudgha
Makhleb
Nemelex Xobeh
Okawaru
Qazlal
Sif Muna
Trog
Uskayaw
Vehumet
Wu Jian
Xom

Shops:
D:4 *(


Innate Abilities, Weirdness & Mutations

You are immune to poison.
Your flesh is cold resistant. (rC+)
You are immune to negative energy. (rN+++)
You are immune to unholy pain and torment.
You are vulnerable to heat. (rF-)
You are in touch with the powers of death.
You do not drink.
You have a special connection with the divine. (Faith)


Message History

The wight hits you but does no damage.
Your lightning spire shoots out a bolt of lightning at the wight!
The bolt of electricity hits the wight!
The wight is destroyed!
Kikubaaqudgha accepts your kill.
Your Spellcasting skill increases to level 10!
Your lightning spire disappears in a puff of smoke!
Things that are here:
a +4 spear; a +0 robe of fire resistance
Things that are here:
a +3 dagger; a +0 robe
Things that are here:
a +0 great sword of protection; a +0 robe
Things that are here:
a +5 halberd; a +0 robe
Found a stone staircase leading down.
You now have 291 gold pieces (gained 12).
f - 3 scrolls labelled OMYTEDW CYUNO (gained 1)
A hornet comes into view.
Casting: Summon Lightning Spire (dangerous; 6% risk of failure)
Confirm with . or Enter, or press ? or * to list all spells.
An electric hum fills the air.
The hornet buzzes angrily.
Your lightning spire shoots out a bolt of lightning at the hornet!
The bolt of electricity hits the hornet!
Your lightning spire shoots out a bolt of lightning at the hornet!
The bolt of electricity hits the hornet.
Casting: Summon Lightning Spire (dangerous; 6% risk of failure)
Confirm with . or Enter, or press ? or * to list all spells.
You call for your canine familiar and it appears with a howl!
The hornet stings you!
You shoot a sling bullet. The sling bullet hits the hornet!
The hornet closely misses you. The hornet completely misses you.
Your inugami closely misses the hornet.
The hornet completely misses you.
Your inugami misses the hornet. You shoot a sling bullet.
The sling bullet hits the hornet!
The hornet stings you! x2
* * * LOW HITPOINT WARNING * * *
Your inugami closely misses the hornet.
The hornet stings you!
* * * LOW HITPOINT WARNING * * *
Your inugami misses the hornet. The hornet stings you.
* * * LOW HITPOINT WARNING * * *
Unknown command.
Aiming: Quicksilver Bolt
Press: ? - help, Q - select action, (/) - cycle Shift-Dir - straight line, f/p - hornet
Aim: a hornet (almost dead, ally target, 57% to hit)
The bolt of dispelling energy misses the hornet.
The hornet stings you!
You die...
Kikubaaqudgha rasps: "You have failed me!
Welcome... oblivion!"

## #. ##.### ....#
#.#.#
####.#h#####.##
#.....y@........
.......#8.#.##......
..#.##.#..#.##..##.#
# #........>....###
.#.####.............
................#.##
............##.....
...###.)....##..# .#
.# ##..........#
#...


You could see a hornet (ally target), a friendly lightning spire (summoned) and
a friendly inugami (summoned).

Vanquished Creatures
  Grinder (D:4)
  Prince Ribbit (D:5)
  Duvessa (D:6)
  3 water moccasins
  An ice beast (D:6)
  An ogre (D:4)
  2 scorpions
  A wight (D:7)
  Dowan (D:6)
  An orc priest (D:4)
  3 hounds
  A sleepcap (D:6)
  2 iguanas
  4 gnolls
  2 adders
  A white imp (D:5)
  A dart slug (D:3)
  A ribbon worm (D:3)
  5 orcs
  3 bats
  4 endoplasms
  5 giant cockroaches
  5 goblins
  A hobgoblin (D:2)
  3 jackals (D:3)
  A ball python (D:4)
  4 kobolds
  A rat (D:1)
60 creatures vanquished.

Vanquished Creatures (collateral kills)
  Maggie (D:6)
  A water moccasin (D:5)
  2 ice beasts
  2 ogres
  A bullfrog (D:7)
  A scorpion (D:7)
  3 wights (D:7)
  A bombardier beetle (D:5)
  A hound (D:5)
  A gnoll bouda (D:6)
  2 orc wizards (D:6)
  3 adders
  9 gnolls
  3 orcs
  4 endoplasms
  2 goblins
  A hobgoblin (D:4)
  2 kobolds
  2 quokkas
  3 ball pythons
  2 bats (D:2)
  7 rats
54 creatures vanquished.

Grand Total: 114 creatures vanquished

Notes
Turn   | Place    | Note
-------+----------+-------------------------------------------
     0 | D:1      | Uro the Mummy Summoner began the quest for the Orb.
     0 | D:1      | Reached XP level 1. HP: 13/13 MP: 4/4
   336 | D:1      | Reached skill level 3 in Spellcasting
   607 | D:1      | Reached XP level 2. HP: 17/19 MP: 4/6
  1203 | D:2      | Reached XP level 3. HP: 24/24 MP: 4/8
  1245 | D:2      | Identified the +7 sling "Vulu" {heavy, Dex+3 SInv}
  1603 | D:2      | Learned a level 3 spell: Call Canine Familiar
  1608 | D:3      | Reached skill level 4 in Spellcasting
  2108 | D:3      | Reached XP level 4. HP: 30/30 MP: 10/10
  2304 | D:3      | Identified the +0 sling "Jellyslayer" {flame, rElec MP-9
                  | Int+5}
  2715 | D:4      | Noticed Grinder
  2731 | D:4      | Killed Grinder
  2732 | D:4      | Reached skill level 5 in Spellcasting
  2732 | D:4      | Reached XP level 5. HP: 35/35 MP: 5/12
  2732 | D:4      | Reached XP level 6. HP: 41/41 MP: 5/14
  2834 | D:4      | Found a staircase to the Ecumenical Temple.
  2840 | Temple   | Found a transporter.
  2840 | Temple   | Found a transporter.
  2840 | Temple   | Found a transporter.
  2840 | Temple   | Found a transporter.
  2840 | Temple   | Entered the Ecumenical Temple
  2864 | Temple   | Became a worshipper of Kikubaaqudgha
  2999 | D:4      | Found Tillumaa's Antique Weapon Emporium.
  3231 | D:4      | Reached skill level 6 in Spellcasting
  3311 | D:4      | Found Cyohodeurph's Mayhem Merchandise.
  3407 | D:4      | Reached XP level 7. HP: 46/46 MP: 8/16
  3724 | D:5      | Entered Level 5 of the Dungeon
  3736 | D:5      | Reached skill level 3 in Air Magic
  4014 | D:5      | Noticed Prince Ribbit
  4199 | D:5      | Reached * piety under Kikubaaqudgha
  4199 | D:5      | Received a gift from Kikubaaqudgha
  4525 | D:5      | Killed Prince Ribbit
  4526 | D:5      | Reached skill level 7 in Spellcasting
  4591 | D:5      | Reached XP level 8. HP: 46/52 MP: 8/18
  5038 | D:6      | Found an ornate altar of the Wu Jian Council.
  5118 | D:6      | Learned a level 4 spell: Summon Lightning Spire
  5123 | D:6      | Learned a level 4 spell: Animate Dead
  5126 | D:6      | Noticed Maggie
  5141 | D:6      | Killed Maggie
  5142 | D:6      | Reached skill level 8 in Spellcasting
  5142 | D:6      | Reached skill level 6 in Summonings
  5273 | D:6      | Identified the +2 robe "Mosche" {Dex+3}
  5488 | D:6      | Noticed Dowan
  5541 | D:6      | Noticed Duvessa
  5548 | D:6      | Killed Dowan
  5556 | D:6      | Killed Duvessa
  5951 | D:6      | Reached XP level 9. HP: 57/57 MP: 4/21
  6125 | D:6      | Reached skill level 9 in Spellcasting
  6309 | D:7      | Reached ** piety under Kikubaaqudgha
  6536 | D:7      | Reached skill level 10 in Spellcasting
  6601 | D:7      | Slain by a hornet

Illustrated notes

Levels and vault maps discovered:
D:1:      lightli_arrival_boilingwater, layout_loops_corners,
          minmay_tetromino_l2
D:2:      layout_rooms
D:3:      layout_loops_corners, minmay_misc_feat_tower, minmay_puff
D:4:      layout_loops_ring, minmay_temple_entry_statues_pillars, serial_shops,
          shop, minmay_shop_mayhem, minmay_box_of_dots, uniq_grinder
D:5:      layout_rooms, uniq_prince_ribbit1
D:6:      layout_loops_ring, pdpol_wu_jian_five_deadly_venoms, uniq_maggie,
          uniq_duvessa
D:7:      layout_basic, nrook_pool_corridor, uniq_joseph
Temple:   hellmonk_temple_divided_pantheon

Skill      XL: |  1  2  3  4  5  6  7  8  9 |
---------------+----------------------------+-----
Spellcasting   | 3 4 5 6 7 8 10 | 10.0
Summonings     | 4 5 6 7 |  7.6
Air Magic      | 2 3 5 |  5.0
Dodging        | |  1.5
Stealth        | |  1.5

Action                     |  1- 3 |  4- 6 |  7- 9 || total
---------------------------+-------+-------+-------++-------
  Melee: Unarmed           |    55 |       |       ||    55
   Fire: Sling             |    16 |    42 |    88 ||   146
   Cast: Summon Small Mamm |    50 |     9 |    21 ||    80
         Call Canine Famil |     1 |    15 |    32 ||    48
         Summon Lightning  |       |       |    13 ||    13
  Evoke: Wand              |       |       |     8 ||     8
   Stab: Distracted        |     1 |       |       ||     1
 Armour: Robe              |    30 |    13 |    31 ||    74
         Steam dragon scal |       |       |    30 ||    30
  Dodge: Dodged            |    73 |    24 |    97 ||   194

Table legend: (Time is in decaauts)
 A = Elapsed time spent in this place.
 B = Non-inter-level travel time spent in this place.
 C = Inter-level travel time spent in this place.
 D = Time resting spent in this place.
 E = Time spent auto-exploring this place.
 F = Levels seen in this place.
 G = Mean time per level.
                   A        B        C        D        E       F      G
               +--------+--------+--------+--------+--------+-----+--------+
         Total |   6768 |   6389 |    379 |    527 |   4725 |   8 |  846.0 |
       Dungeon |   6727 |   6378 |    349 |    527 |   4725 |   7 |  961.0 |
        Temple |     40 |     11 |     29 |      0 |      0 |   1 |   40.0 |
               +--------+--------+--------+--------+--------+-----+--------+

Top non-repeatable levels by time:
     D:4: 1468 daAuts
     D:6: 1305 daAuts
     D:3: 1134 daAuts
     D:1: 1109 daAuts
     D:5: 894 daAuts
     D:2: 499 daAuts
     D:7: 316 daAuts
  Temple: 40 daAuts
